 Dungeon Crawl Stone Soup version 0.29-a0-72-g1732ff48e7 (webtiles) character file.

Game seed: 5814023210768850288

3971 HallandMoats the Skirmisher (level 10, 0/48 (53) HPs)
             Began as a Vine Stalker Fighter on Feb 3, 2022.
             Was a Priest of the Shining One.
             Slain by an eight-headed hydra (2 damage)
             ... on level 8 of the Dungeon.
             The game lasted 00:11:17 (6184 turns).

HallandMoats the Skirmisher (Vine Stalker Fighter)  Turns: 6184, Time: 00:11:18

HP:   0/48 (53)     AC: 10    Str: 22    XL:     10   Next: 22%
MP:   0/15          EV: 13    Int:  8    God:    the Shining One [***...]
Gold: 239           SH:  6    Dex: 17    Spells: 9/9 levels left

rFire   . . .      SeeInvis .   a - +0 trident
rCold   . . .      Faith    .   c - +0 buckler
rNeg    + . .      Spirit   +   d - +0 acid dragon scales
rPois   .          Reflect  .   g - +0 helmet
rElec   .          Harm     .   r - +0 cloak
rCorr   +          Rampage  .   n - +0 pair of gloves
Will    +....                   (no boots)
Stlth   +.........              (no amulet)
HPRegen 0.96/turn               (no ring)
MPRegen 0.14/turn               (no ring)

@: hasted, glowing, drained, very quick
A: fangs 3, regeneration 1, magic shield, antimagic bite, no potion heal 2,
agile 1, devolution 1
a: Renounce Religion, Divine Shield, Cleansing Flame


You were on level 8 of the Dungeon.
You worshipped the Shining One.
The Shining One was most pleased with you.
You visited 1 branch of the dungeon, and saw 8 of its levels.

You collected 276 gold pieces.
You spent 28 gold pieces at shops.
You donated 9 gold pieces to Zin.

Inventory:

Hand Weapons
 a - a +0 trident (weapon)
Missiles
 j - 2 throwing nets (quivered)
Armour
 c - a +0 buckler (worn)
 d - +0 acid dragon scales (worn)
 g - a +0 helmet (worn)
 n - a +0 pair of gloves (worn)
 r - a +0 cloak (worn)
Wands
 i - a wand of flame (15)
Scrolls
 o - 3 scrolls of magic mapping
Potions
 e - a potion of brilliance
 f - 6 potions of curing
 h - 3 potions of lignification
 m - a potion of magic
 t - a potion of haste


   Skills:
 * Level 6.9 Fighting
 * Level 6.4 Polearms
 + Level 4.6 Armour
 + Level 3.8 Dodging
 + Level 5.1 Shields
 * Level 6.6 Invocations


You had 9 spell levels left.
You didn't know any spells.
Your spell library contained the following spells:

 Spells                   Type           Power      Damage    Failure   Level
 Freeze                   Ice            0%         1d3       56%         1
 Shock                    Conj/Air       0%         1d3       56%         1
 Frozen Ramparts          Ice            0%         1d2       91%         3
 Gell's Gravitas          Tloc           0%         N/A       91%         3
 Lesser Beckoning         Tloc           0%         N/A       91%         3
 Swiftness                Air            0%         N/A       91%         3
 Teleport Other           Tloc           0%         N/A       91%         3
 Airstrike                Air            0%         N/A       100%        4
 Hailstorm                Conj/Ice       0%         3d3       100%        4
 Borgnjor's Revivificati  Necr           0%         N/A       100%        8
 Necromutation            Tmut/Necr      0%         N/A       100%        8
 Death's Door             Necr           0%         N/A       100%        9


Dungeon Overview and Level Annotations

Branches:
Dungeon (8/15)             Temple (0/1) D:5
   Lair: D:8-11

Altars:
Hepliaklqana
Nemelex Xobeh
Sif Muna
Yredelemnul
Zin
The Shining One

Shops:
D:2 ?   D:4 :   D:8 [

Annotations:
D:8 2 runed translucent doors


Innate Abilities, Weirdness & Mutations

You have razor-sharp teeth.
Your natural rate of healing is unusually fast.
When hurt, damage is shared between your health and your magic reserves.
Your bite disrupts and absorbs the magic of your enemies.
Potions cannot restore your health.
You are agile. (Dex +2)
You have hidden genetic defects.


Message History

You block the eight-headed hydra's attack.
The eight-headed hydra bites you but does no damage. x2
The eight-headed hydra bites you.
Unknown command.
You puncture the eight-headed hydra! You bite the eight-headed hydra!
You drain its power.
You feel invigorated.
The eight-headed hydra is moderately wounded.
The eight-headed hydra bites you.
The eight-headed hydra closely misses you.
The eight-headed hydra bites you but does no damage.
The eight-headed hydra bites you.
You block the eight-headed hydra's attack.
The eight-headed hydra barely misses you.
You block the eight-headed hydra's attack.
The eight-headed hydra bites you.
You puncture the eight-headed hydra! You bite the eight-headed hydra!
You drain its power.
You feel invigorated.
The eight-headed hydra is severely wounded.
You hit the eight-headed hydra.
You bite the eight-headed hydra, but do no damage.
The eight-headed hydra is severely wounded.
The eight-headed hydra bites you!
The eight-headed hydra closely misses you.
The eight-headed hydra barely misses you.
The eight-headed hydra bites you but does no damage.
The eight-headed hydra bites you.
You block the eight-headed hydra's attack.
The eight-headed hydra bites you!
* * * LOW HITPOINT WARNING * * *
The eight-headed hydra closely misses you.
You puncture the eight-headed hydra!
The eight-headed hydra is almost dead.
The eight-headed hydra bites you!
* * * LOW HITPOINT WARNING * * *
The eight-headed hydra bites you.
* * * LOW HITPOINT WARNING * * *
You block the eight-headed hydra's attack.
The eight-headed hydra closely misses you.
The eight-headed hydra bites you.
You die...

##...##.####.###...#.##.........#
......................'.........+
##......####.###...#.##.........#
##.#...# #.# #..##)###.......##
####.## #.# #.###.# ##.....## #.#
#.###.###.# ##...## #.#
#.........# ###+## #.#
#####.##### ....## #.# #@#
#.#...## #D# #......# #.. ###..#
...# ###O.#O# .#.. ###.O###.## #.
...###..###C#..# #.
.###.K###.yK#.OO
..###....+.....#.##
#..##..###...#.#


You could see an eight-headed hydra.

Vanquished Creatures
  Pikel (D:6)
  Maggie (D:6)
  Sigmund (D:6)
  A steam dragon (D:4)
  Edmund (D:5)
  An acid dragon (D:6)
  A water moccasin (D:8)
  An orc warrior (D:7)
  A black bear (D:6)
  4 necrophages (D:6)
  A hornet zombie (D:6)
  4 ogres
  A phantom (D:4)
  A wyvern zombie (D:6)
  2 bullfrogs
  A gnoll sergeant (D:4)
  2 scorpions
  6 wights
  A howler monkey (D:8)
  An electric eel (D:8)
  2 centaur zombies
  2 hounds
  A lava snake (D:8)
  A bullfrog zombie (D:6)
  A bullfrog skeleton (D:6)
  2 jellies
  A human zombie (D:6)
  3 orc priests
  2 iguanas
  8 orc wizards
  A killer bee zombie (D:6)
  2 hound skeletons (D:4)
  A mummy (D:6)
  4 gnolls
  2 adders
  2 ufetubi (D:4)
  An adder zombie (D:5)
  5 worms
  A dart slug (D:4)
  36 orcs
  6 bats
  5 endoplasms
  4 giant cockroaches
  7 goblins
  5 hobgoblins
  6 jackals
  4 quokkas
  2 ball pythons
  2 frilled lizards
  A jackal skeleton (D:4)
  6 kobolds
  6 rats
165 creatures vanquished.

Vanquished Creatures (others)
  A dart slug (D:4)
1 creature vanquished.

Grand Total: 166 creatures vanquished

Notes
Turn   | Place    | Note
-------+----------+-------------------------------------------
     0 | D:1      | HallandMoats the Vine Stalker Fighter began the quest for
                  | the Orb.
     0 | D:1      | Reached XP level 1. HP: 11/11 MP: 2/2
    96 | D:1      | Reached XP level 2. HP: 14/16 MP: 3/3
   611 | D:2      | Found Eklug's Magic Scroll Shop.
   649 | D:2      | Reached XP level 3. HP: 17/20 MP: 4/4
   906 | D:2      | Reached skill level 1 in Invocations
  1613 | D:3      | Gained mutation: Your natural rate of healing is unusually
                  | fast. [Vine Stalker growth]
  1613 | D:3      | Reached XP level 4. HP: 24/24 MP: 4/6
  1786 | D:3      | Found a glowing silver altar of Zin.
  1818 | D:3      | Became a worshipper of Zin the Law-Giver
  2092 | D:2      | Bought a scroll of identify for 28 gold pieces
  2147 | D:4      | Noticed a gnoll sergeant
  2182 | D:3      | Reached skill level 1 in Dodging
  2302 | D:4      | Killed a gnoll sergeant
  2303 | D:4      | Reached XP level 5. HP: 21/28 MP: 7/7
  2317 | D:4      | Noticed an ogre
  2358 | D:3      | Killed an ogre
  2359 | D:3      | Reached XP level 6. HP: 30/33 MP: 4/8
  2432 | D:4      | Reached * piety under Zin
  2439 | D:4      | Found a glowing golden altar of the Shining One.
  2493 | D:4      | Fell from the grace of Zin
  2493 | D:4      | Became a worshipper of the Shining One
  2497 | D:4      | Reached XP level 7. HP: 35/37 MP: 10/10
  2766 | D:4      | Noticed a steam dragon
  2807 | D:4      | Killed a steam dragon
  2911 | D:4      | Found Cyidug's Book Shop.
  3198 | D:4      | Found a shimmering blue altar of Sif Muna.
  3279 | D:5      | Entered Level 5 of the Dungeon
  3290 | D:5      | Reached * piety under the Shining One
  3332 | D:5      | Gained mutation: You have razor-sharp teeth. [Vine Stalker
                  | growth]
  3332 | D:5      | Reached XP level 8. HP: 29/42 MP: 8/11
  3486 | D:5      | Noticed Edmund
  3505 | D:5      | Killed Edmund
  3571 | D:5      | Found a staircase to the Ecumenical Temple.
  3593 | D:5      | Reached skill level 5 in Fighting
  3703 | D:5      | Found a sparkling altar of Nemelex Xobeh.
  3937 | D:6      | Found a hazy altar of Hepliaklqana.
  3991 | D:6      | Noticed Pikel
  4010 | D:6      | Killed Pikel
  4011 | D:6      | Reached skill level 5 in Polearms
  4011 | D:6      | Reached skill level 5 in Invocations
  4011 | D:6      | Reached XP level 9. HP: 45/47 MP: 13/13
  4225 | D:6      | Noticed Maggie
  4333 | D:6      | Killed Maggie
  4366 | D:6      | Noticed Sigmund
  4375 | D:6      | Killed Sigmund
  4403 | D:6      | Found a basalt altar of Yredelemnul.
  4442 | D:6      | Reached ** piety under the Shining One
  4833 | D:7      | Reached XP level 10. HP: 30/53 MP: 10/15
  4912 | D:7      | Reached skill level 5 in Shields
  5800 | D:8      | Found a runed translucent door.
  5865 | D:8      | Noticed a kobold demonologist
  5865 | D:8      | Reached *** piety under the Shining One
  5865 | D:8      | Noticed a cyclops
  5869 | D:8      | Found a runed translucent door.
  5878 | D:8      | Noticed an eight-headed hydra
  5878 | D:8      | Noticed a two-headed ogre
  5878 | D:8      | Noticed a two-headed ogre
  5879 | D:8      | Noticed a kobold demonologist
  6109 | D:8      | Found Dacwal's Armour Shop.
  6175 | D:8      | Gained mutation: You have hidden genetic defects. [potion
                  | of mutation]
  6175 | D:8      | Gained mutation: You are agile. (Dex +2) [potion of
                  | mutation]
  6184 | D:8      | HP: 2/48 [eight-headed hydra (4)]
  6184 | D:8      | Slain by an eight-headed hydra

Illustrated notes

Levels and vault maps discovered:
D:1:      lightli_arrival_lavapool, layout_rooms
D:2:      layout_basic, serial_shops, nicolae_shop_statue_plus, minivault_11
D:3:      layout_rooms, nicolae_overflow_crystal_walls
D:4:      minmay_chambers_of_fours, layout_loops_ring,
          mainiacjoe_overflow_alcove_4, mainiacjoe_overflow_six_doors_small,
          serial_shops, shop
D:5:      layout_cave_pools, mainiacjoe_overflow_cross_hatched,
          minmay_temple_entry_arrows, uniq_edmund
D:6:      layout_rooms, lemuel_mausoleum_altar_yredelemnul,
          general_overflow_altar, uniq_sigmund, uniq_pikel, uniq_maggie
D:7:      layout_basic, hangedman_decor_lopped
D:8:      minmay_the_grid_triangle_9x9_recursive_2
          [minmay_the_grid_triangle_9x9_prize_center,
          minmay_the_grid_triangle_9x9_tough_junction,
          minmay_the_grid_triangle_9x9_subtriangle,
          minmay_the_grid_triangle_9x9_odd_lines], layout_loops_corners,
          nicolae_overflow_hidden_temple, lemuel_crystal_altar, serial_shops,
          shop_fountains, nicolae_lava_and_water

Skill      XL: |  1  2  3  4  5  6  7  8  9 10 |
---------------+-------------------------------+-----
Polearms       | 2 3 4 5 6 |  6.4
Fighting       | 3 4 5 6 |  6.9
Invocations    | 1 2 3 5 6 |  6.6
Shields        | 3 4 5 |  5.1
Dodging        | 1 2 3 |  3.8
Armour         | 3 4 |  4.6

Action                   |  1- 3 |  4- 6 |  7- 9 | 10-12 || total
-------------------------+-------+-------+-------+-------++-------
Melee: Trident           |   119 |    94 |   302 |   112 ||   627
       Bite              |    25 |    23 |   114 |    37 ||   199
  Use: Scroll            |       |     2 |     5 |     6 ||    13
       Potion            |       |     1 |     2 |     2 ||     5
Armor: Scale mail        |    40 |    24 |    56 |       ||   120
       Acid dragon scale |       |       |    26 |    46 ||    72
Dodge: Dodged            |    43 |    41 |   123 |    62 ||   269
Block: Buckler           |    26 |    24 |    67 |    26 ||   143

Table legend: (Time is in decaauts)
 A = Elapsed time spent in this place.
 B = Non-inter-level travel time spent in this place.
 C = Inter-level travel time spent in this place.
 D = Time resting spent in this place.
 E = Time spent auto-exploring this place.
 F = Levels seen in this place.
 G = Mean time per level.
                   A        B        C        D        E       F      G
               +--------+--------+--------+--------+--------+-----+--------+
         Total |   6252 |   5991 |    261 |    361 |   4131 |   8 |  781.5 |
       Dungeon |   6252 |   5991 |    261 |    361 |   4131 |   8 |  781.5 |
               +--------+--------+--------+--------+--------+-----+--------+

Top non-repeatable levels by time:
     D:2: 1098 daAuts
     D:7: 1022 daAuts
     D:4: 976 daAuts
     D:6: 754 daAuts
     D:3: 677 daAuts
     D:5: 669 daAuts
     D:1: 594 daAuts
     D:8: 460 daAuts
